 Dungeon Crawl Stone Soup version 0.25-a0-435-g4b9beb1 (webtiles) character file.

Game seed: 17823153262061935601, levelgen mode: deterministic

7 Coldstonesans the Ducker (level 1, -3/7 HPs)
             Began as a Felid Air Elementalist on Jan 29, 2020.
             Killed from afar by a dart slug (7 damage)
             ... with a slug dart
             ... on level 1 of the Dungeon.
             The game lasted 00:00:30 (85 turns).

Coldstonesans the Ducker (Felid Air Elementalist)     Turns: 85, Time: 00:00:31

Health: -3/7       AC:  1    Str:  4    XL:     1   Next: 91%
Magic:  0/4        EV: 18    Int: 16    God:
Gold:   0          SH:  0    Dex: 16    Spells: 3/4 levels left
                                        Lives:  0   Deaths: 0

rFire    . . .     SeeInvis +   (weapon unavailable)
rCold    . . .     Gourm    .   (shield unavailable)
rNeg     . . .     Faith    .   (armour unavailable)
rPois    .         Spirit   .   (helmet unavailable)
rElec    .         Reflect  .   (cloak unavailable)
rCorr    .         Harm     .   (gloves unavailable)
MR       .....                  (boots unavailable)
Stlth    +++.......             (no amulet)
HPRegen  0.02/turn              (no ring)
MPRegen  0.09/turn              (no ring)

@: very slightly contaminated, quick
A: very small, no armour, no weapons or thrown items, stealth, claws 1, fangs 3,
see invisible, carnivore, speed 1, shaggy fur 1, slow metabolism 1, sharp paws
a: no special abilities


You were on level 1 of the Dungeon.
You were not hungry.

You visited 1 branch of the dungeon, and saw 1 of its levels.

Inventory:

Scrolls
 a - a scroll of enchant armour {unknown}
Comestibles
 b - a ration


   Skills:
 * Level 3.1 Dodging
 + Level 2.9 Stealth
 + Level 2.0 Spellcasting
 + Level 1.0 Conjurations
 + Level 2.7 Air Magic


You had 3 spell levels left.
You knew the following spells:

 Your Spells              Type           Power        Failure   Level  Hunger
a - Shock                 Conj/Air       #...         10%         1    #......

Your spell library contained the following spells:

 Spells                   Type           Power        Failure   Level  Hunger
 Swiftness                Chrm/Air       #.......     19%         2    ###....
 Static Discharge         Conj/Air       #.......     28%         3    ###....
 Airstrike                Air            ##........   54%         4    #####..
 Lightning Bolt           Conj/Air       #.........   95%         5    ######.


Dungeon Overview and Level Annotations

Branches:
Dungeon (1/15)

Altars:


Innate Abilities, Weirdness & Mutations

You cannot wear armour.
You are incapable of wielding weapons or throwing items.
Your paws allow you to move quietly. (Stealth)
You have sharp claws.
You have razor-sharp teeth.
You have supernaturally acute eyesight. (SInv)
You are carnivorous and can eat meat at any time.
You cover ground quickly.
You are covered in fur. (AC +1)
You have a slow metabolism.
Your sharp claws are effective at attacking unaware monsters.


Message History

Press: ? - help, Shift-Dir - straight line You miscast Shock.
Wisps of smoke drift from your paws. The dart slug misses you.
Casting: Shock (safe; 10% risk of failure)
Confirm with . or Enter, or press ? or * to list all spells.
You don't have enough magic to cast that spell.
Unknown command.
You scratch the dart slug but do no damage.
The dart slug completely misses you.
You scratch the dart slug.
The dart slug is lightly wounded.
You scratch the dart slug.
The dart slug is moderately wounded.
The dart slug bites you.
You scratch the dart slug.
The dart slug is heavily wounded.
The dart slug launches a dart at you. The slug dart hits you!
Ouch! That really hurt!
You die...

##.##. .#....... #.
.#......# #.# ..
.#..###.# #.# .#
.#...##.# #.# .#
##...##.# #.# ##.#
........# #.###?.#
##......####.##.w#
##.....!..##....@##
#........).....>..#
........?.....)....#
.##................#
...................#
###................#
#................#
#................#
#..?.............#


You could see a dart slug.

Vanquished Creatures
  An ooze (D:1)
  2 goblins (D:1)
  A kobold (D:1)
4 creatures vanquished.

Notes
Turn   | Place    | Note
-------+----------+-------------------------------------------
     0 | D:1      | Coldstonesans the Felid Air Elementalist began the quest
                  | for the Orb.
     0 | D:1      | Reached XP level 1. HP: 7/7 MP: 4/4
     8 | D:1      | Reached skill level 3 in Dodging
     8 | D:1      | Reached skill level 1 in Conjurations
    85 | D:1      | Killed from afar by a dart slug

Levels and vault maps discovered:
D:1:      dpeg_arrival_windows_large_door, layout_rooms, chequers_jeans,
          st_stairs_11, minmay_pentomino_q2

Skill      XL: |  1 |
---------------+----+-----
Dodging        | 3 |  3.1
Conjurations   | 1 |  1.0
Stealth        | |  2.9
Spellcasting   | |  2.0
Air Magic      | |  2.7

Action                   || total
-------------------------++-------
Melee: Unarmed           ||     7
 Cast: Shock             ||     7
 Stab: Sleeping          ||     1
Dodge: Dodged            ||     5

Table legend:
 A = Non-vault XP
 B = Vault XP
 C = Vault XP percentage of total XP
 D = Non-vault monster count
 E = Vault monster count
 F = Vault count percentage of total count
                 A         B        C        D         E       F
            +---------+---------+-------+---------+---------+-------
      Total |      11 |       0 |   0.0 |       4 |       0 |   0.0
            +---------+---------+-------+---------+---------+-------
        D:1 |      11 |       0 |   0.0 |       4 |       0 |   0.0
            +---------+---------+-------+---------+---------+-------
